 Dungeon Crawl Stone Soup version 0.24.0-123-gd5b16e6ec5 (webtiles) character file.

Game seed: 13329977857057644746, levelgen mode: deterministic

36 Delamore the Chopper (level 3, 0/29 HPs)
             Began as a Formicid Fighter on Jan 10, 2020.
             Slain by a kobold (2 damage)
             ... on level 1 of the Dungeon.
             The game lasted 00:00:46 (794 turns).

Delamore the Chopper (Formicid Fighter)              Turns: 794, Time: 00:00:47

Health: 0/29       AC:  6    Str: 21    XL:     3   Next: 57%
Magic:  3/3        EV:  7    Int:  7    God:
Gold:   31         SH:  9    Dex: 10    Spells: 2/2 levels left

rFire    . . .     SeeInvis +   a - +0 war axe
rCold    . . .     Gourm    .   c - +0 shield
rNeg     . . .     Faith    .   b - +0 scale mail
rPois    .         Spirit   .   (helmet unavailable)
rElec    .         Reflect  .   (no cloak)
rCorr    .         Harm     .   (no gloves)
MR       .....                  (no boots)
Stlth    ..........             (no amulet)
HPRegen  0.09/turn              (no ring)
MPRegen  0.08/turn              (no ring)

@: no status effects
A: permanent stasis, dig shafts and tunnels, four strong arms, antennae 3
a: Dig, Shaft Self


You were on level 1 of the Dungeon.
You were not hungry.

You visited 1 branch of the dungeon, and saw 2 of its levels.

You collected 31 gold pieces.

Inventory:

Hand Weapons
 a - a +0 war axe (weapon)
Armour
 b - a +0 scale mail (worn)
 c - a +0 shield (worn)
Scrolls
 e - a scroll of magic mapping {unknown}
 g - a scroll of remove curse {unknown}
 h - a scroll of amnesia {unknown}
Potions
 d - 2 potions of might
Comestibles
 f - a ration


   Skills:
 - Level 3.2 Fighting
 + Level 3.7 Axes
 - Level 3.2 Armour
 - Level 3.6 Shields


You had 2 spell levels left.
You didn't know any spells.
Your spell library was empty.

Dungeon Overview and Level Annotations

Branches:
Dungeon (2/15)

Altars:


Innate Abilities, Weirdness & Mutations

You cannot be hasted, slowed, berserked, paralysed or teleported.
You can dig through walls and to a lower floor.
Your four strong arms can wield two-handed weapons with a shield.
You have a pair of large antennae on your head. (SInv)


Message History

There is a stone staircase leading up, spattered with blood here.
You see here a leopard gecko corpse.
You butcher the leopard gecko corpse.
Things that are here:
a chunk of flesh; a leopard gecko skeleton The kobold hits you but does no damage.
There is a stone staircase leading up, spattered with blood here.
The kobold hits you but does no damage.
You climb upwards.
There is a stone staircase leading down here.
You closely miss the kobold. The kobold hits you.
* * * LOW HITPOINT WARNING * * *
The kobold hits you but does no damage.
You barely miss the kobold. You block the kobold's attack.
Your shield and scale mail prevent you from hitting the kobold.
The kobold barely misses you.
You hit the kobold.
The kobold is severely wounded.
The kobold hits you.
You die...

#.#.......#
#.............# #
..#########
####.....#######.#
# .## #........#
#.# # .##
########.#####.##
#.# #
..#####........#
#.########.# #
#.#.......###..#
#..........# #
..#####..÷.....#
#.#######..# # .##
#...###..#####.#
#..### ##
#.........@....#
##..##. #
#..........K####
#...##. #
#..####.#.###
#.#.##. #
#####..####.#.#
#.#.##. #
#...........#.#
#######.#†##. #
#####.......#.#
#............
#.......#.#
#.#####.#.###
#......##.# #.#
###.#.#
#......##.# #.#
#.....#


You could see a kobold.

Vanquished Creatures
  A dart slug (D:1)
  A leopard gecko (D:2)
  6 bats (D:1)
  5 goblins (D:1)
  2 hobgoblins
  3 jackals (D:2)
  6 kobolds
  2 frilled lizards
  5 rats (D:1)
31 creatures vanquished.

Notes
Turn   | Place    | Note
-------+----------+-------------------------------------------
     0 | D:1      | Delamore the Formicid Fighter began the quest for the Orb.
     0 | D:1      | Reached XP level 1. HP: 18/18 MP: 1/1
    32 | D:1      | Reached XP level 2. HP: 23/24 MP: 2/2
   341 | D:1      | Reached XP level 3. HP: 25/29 MP: 3/3
   778 | D:2      | HP: 1/29 [leopard gecko (2)]
   791 | D:1      | HP: 1/29 [kobold (1)]
   794 | D:1      | Slain by a kobold

Levels and vault maps discovered:
D:1:      dpeg_arrival_erosion, layout_loops_ring, kennysheep_nondescript,
          serial_bayou_pond_e, ebering_dispersal_statue_hall
D:2:      layout_basic, st_stairs_10

Skill      XL: |  1  2 |
---------------+-------+-----
Axes           | 3 |  3.7
Fighting       | |  3.2
Armour         | |  3.2
Shields        | |  3.6

Action                   || total
-------------------------++-------
Melee: War axe           ||   110
Armor: Scale mail        ||    70
Dodge: Dodged            ||    39
Block: Shield            ||    69
